 Dungeon Crawl Stone Soup version 0.27-a0-61-g21144fbd99 (webtiles) character file.

Game seed: 1262343660743850448

621 lessens the Cutter (level 7, -1/34 HPs)
             Began as a Vine Stalker Brigand on Jan 8, 2021.
             Was a Follower of Kikubaaqudgha.
             Slain by an ogre
             ... wielding a +0 giant spiked club
              (22 damage)
             ... on level 4 of the Dungeon.
             The game lasted 00:06:43 (3990 turns).

lessens the Cutter (Vine Stalker Brigand)           Turns: 3990, Time: 00:06:44

Health: -1/34      AC:  4    Str: 15    XL:     7   Next: 46%
Magic:  0/8        EV: 11    Int: 11    God:    Kikubaaqudgha [*.....]
Gold:   190        SH:  5    Dex: 16    Spells: 6/6 levels left

rFire    . . .     SeeInvis .   j - +0 short sword (venom)
rCold    . . .     Faith    .   l - +2 buckler
rNeg     . . .     Spirit   +   b - +0 robe
rPois    .         Reflect  .   (no helmet)
rElec    .         Harm     .   c - +0 cloak
rCorr    .         Rampage  .   s - +0 pair of gloves
Will     .....                  (no boots)
Stlth    +++.......             (no amulet)
HPRegen  0.51/turn              (no ring)
MPRegen  0.11/turn              (no ring)

@: no status effects
A: fangs 2, regeneration 1, magic shield, antimagic bite, no potion heal 3
a: Renounce Religion, Receive Corpses


You were on level 4 of the Dungeon.
You worshipped Kikubaaqudgha.
Kikubaaqudgha was aware of your devotion.
You visited 1 branch of the dungeon, and saw 4 of its levels.

You collected 190 gold pieces.

Inventory:

Hand Weapons
 a - a +2 dagger
 j - a +0 short sword of venom (weapon)
 p - a +0 short sword of speed
Missiles
 d - 12 poisoned darts
 e - 2 curare-tipped darts (quivered)
 g - 207 stones
 x - 3 boomerangs
Armour
 b - a +0 robe (worn)
 c - a +0 cloak (worn)
 l - a +2 buckler (worn)
 s - a +0 pair of gloves (worn)
Jewellery
 u - an uncursed amulet of reflection {unknown}
 B - an uncursed ring of positive energy {unknown}
Scrolls
 f - 4 scrolls of teleportation
 h - 4 scrolls of blinking {unknown}
 i - a scroll of enchant weapon {unknown}
 o - 2 scrolls of remove curse {unknown}
 r - 3 scrolls of magic mapping {unknown}
 t - 4 scrolls of identify {unknown}
 w - a scroll of fog {unknown}
 y - a scroll of amnesia {unknown}
 z - a scroll of enchant armour {unknown}
Potions
 k - a potion of mutation {unknown}
 m - a potion of ambrosia {unknown}
 n - a potion of haste {unknown}
 q - 3 potions of heal wounds {unknown}
 v - a potion of brilliance {unknown}
 A - a potion of magic {unknown}
 C - a potion of lignification {unknown}


   Skills:
 - Level 1.7 Fighting
 * Level 6.8 Short Blades
 - Level 1.7 Throwing
 - Level 0.7 Dodging
 - Level 4.8 Stealth
 + Level 2.7 Necromancy


You had 6 spell levels left.
You didn't know any spells.
Your spell library contained the following spells:

 Spells                   Type           Power        Failure   Level
 Pain                     Necr           24%          19%         1
 Sublimation of Blood     Necr           3%           28%         2
 Corpse Rot               Necr/Air       N/A          45%         2
 Vampiric Draining        Necr           3%           50%         3
 Magic Dart               Conj           0%           52%         1
 Blink                    Tloc           N/A          65%         2
 Call Imp                 Summ           0%           65%         2
 Slow                     Hex            0%           65%         2
 Conjure Flame            Conj/Fire      0%           87%         3
 Mephitic Cloud           Conj/Pois/Air  0%           87%         3


Dungeon Overview and Level Annotations

Branches:
Dungeon (4/15)
 Temple: D:4-7

Altars:
Fedhas
Kikubaaqudgha
Xom
Yredelemnul
Zin


Innate Abilities, Weirdness & Mutations

You have extremely sharp teeth.
Your natural rate of healing is unusually fast.
When hurt, damage is shared between your health and your magic reserves.
Your bite disrupts and absorbs the magic of your enemies.
Potions cannot restore your health.


Message History

No target in view!
No target in view!
There is a stone staircase leading down here.
There is a stone staircase leading down here.
An ogre comes into view. It is wielding a +0 giant spiked club.
An ogre is nearby!
An ogre is nearby!
The ogre shouts!
You hit the ogre.
The ogre is lightly wounded.
You hit the ogre.
The ogre is poisoned.
Your bite misses the ogre.
The ogre is moderately wounded.
The ogre hits you with a +0 giant spiked club!!
You hit the ogre but do no damage.
The ogre looks as sick as possible!
You bite the ogre. You drain its power.
You feel invigorated.
The ogre is heavily wounded.
The ogre hits you with a +0 giant spiked club!!
Ouch! That really hurt!
You die...
Kikubaaqudgha rasps: "You have failed me!
Welcome... death!"

≈≈≈...###.#..####.###.##.#
≈≈P≈...<......##...#...>.#
≈♣≈)..................##.#
≈P#..####.#..#........##.#
≈≈...# #.#..........###.#
♣≈#.## #.#..#.#...#.# #.#
♣##.# #......##.##.# #.#
##.## ##...#..(..##.# #.#
##...###.#......@###.###.#
♣.......###..#..O....>...#
♣≈...≈♣≈♣♣...........#####
≈≈P♣≈≈P≈≈P♣....#.#####
≈≈PP≈≈≈PP≈≈♣..##.#
≈≈≈≈≈≈≈≈≈≈≈≈≈.##.#
.................#
≈≈≈≈≈≈≈≈≈≈≈P≈..###
≈≈♣♣♣♣≈≈P≈≈≈≈###


You could see an ogre (extremely poisoned).

Vanquished Creatures
  An ogre (D:4)
  A scorpion (D:4)
  A howler monkey (D:4)
  2 hounds (D:4)
  2 orc priests (D:3)
  2 iguanas (D:4)
  4 orc wizards
  4 adders
  A gnoll (D:1)
  An ooze (D:1)
  3 worms (D:2)
  3 dart slugs
  4 leopard geckos
  15 orcs
  6 giant cockroaches
  4 goblins (D:3)
  12 hobgoblins
  5 jackals
  4 quokkas
  A ball python skeleton (D:4)
  7 bats
  6 frilled lizards
  10 kobolds
  6 rats
105 creatures vanquished.

Vanquished Creatures (others)
  16 plants
  2 withered plants (D:3)
18 creatures vanquished.

Grand Total: 123 creatures vanquished

Notes
Turn   | Place    | Note
-------+----------+-------------------------------------------
     0 | D:1      | lessens the Vine Stalker Brigand began the quest for the
                  | Orb.
     0 | D:1      | Reached XP level 1. HP: 11/11 MP: 2/2
    35 | D:1      | Reached skill level 2 in Short Blades
   157 | D:1      | Reached XP level 2. HP: 14/15 MP: 3/3
   602 | D:1      | Reached skill level 3 in Short Blades
   766 | D:1      | Reached XP level 3. HP: 18/18 MP: 4/4
  1701 | D:2      | Found a shimmering altar of Xom.
  1868 | D:2      | Gained mutation: Your natural rate of healing is unusually
                  | fast. [Vine Stalker growth]
  1868 | D:2      | Reached XP level 4. HP: 23/23 MP: 3/5
  2019 | D:2      | Reached skill level 4 in Short Blades
  2313 | D:3      | Found an ancient bone altar of Kikubaaqudgha.
  2406 | D:3      | Found a blossoming altar of Fedhas.
  2414 | D:3      | Became a worshipper of Kikubaaqudgha
  2639 | D:3      | Reached XP level 5. HP: 26/26 MP: 6/6
  2755 | D:3      | Found a glowing silver altar of Zin.
  2779 | D:3      | Reached skill level 5 in Short Blades
  3024 | D:3      | Reached * piety under Kikubaaqudgha
  3024 | D:3      | Identified Kikubaaqudgha's Collected Works on Black Magic
                  | (Kikubaaqudgha gifted it to you on level 3 of the Dungeon)
  3024 | D:3      | Received a gift from Kikubaaqudgha
  3286 | D:4      | Reached XP level 6. HP: 30/30 MP: 7/7
  3304 | D:4      | Reached skill level 1 in Necromancy
  3386 | D:4      | Reached skill level 6 in Short Blades
  3471 | D:4      | Reached XP level 7. HP: 28/34 MP: 8/8
  3683 | D:4      | Found a basalt altar of Yredelemnul.
  3990 | D:4      | Slain by an ogre

Illustrated notes

Levels and vault maps discovered:
D:1:      mrwooster_arrival_statue_2, layout_basic
D:2:      layout_loops_cross, lemuel_doored_altar
D:3:      layout_rooms, grunt_temple_overflow_growth_and_decay,
          marbit_many_paths, serial_bayou_pond_d, hex_intersection, st_stairs_7
D:4:      layout_loops_ring, yredelemnul_altar_generic, serial_bayou,
          serial_bayou_pond_d, serial_bayou_ford_a, serial_bayou_lagoon_b,
          serial_bayou_pond_b, grunt_decor_mini_mirrors

Skill      XL: |  1  2  3  4  5  6 |
---------------+-------------------+-----
Short Blades   | 2 3 4 5 6 |  6.8
Necromancy     | 2 |  2.7
Fighting       | |  1.7
Throwing       | |  1.7
Dodging        | |  0.7
Stealth        | |  4.8

Action                   |  1- 3 |  4- 6 |  7- 9 || total
-------------------------+-------+-------+-------++-------
Melee: Dagger            |   104 |    52 |       ||   156
       Bite              |    22 |    44 |    20 ||    86
       Short sword       |       |   114 |    56 ||   170
Throw: Dart              |       |     5 |       ||     5
  Use: Potion            |       |     3 |       ||     3
       Scroll            |       |     1 |       ||     1
 Stab: Sleeping          |    12 |     9 |       ||    21
       Distracted        |       |     1 |       ||     1
Armor: Robe              |    22 |    26 |    10 ||    58
Dodge: Dodged            |    40 |    59 |    17 ||   116
Block: Buckler           |     8 |    29 |    10 ||    47

Table legend: (Time is in decaauts)
 A = Elapsed time spent in this place.
 B = Non-inter-level travel time spent in this place.
 C = Inter-level travel time spent in this place.
 D = Time resting spent in this place.
 E = Time spent auto-exploring this place.
 F = Levels seen in this place.
 G = Mean time per level.
                   A        B        C        D        E       F      G
               +--------+--------+--------+--------+--------+-----+--------+
         Total |   3957 |   3829 |    128 |    513 |   2408 |   4 |  989.2 |
       Dungeon |   3957 |   3829 |    128 |    513 |   2408 |   4 |  989.2 |
               +--------+--------+--------+--------+--------+-----+--------+

Top non-repeatable levels by time:
     D:1: 1453 daAuts
     D:3: 926 daAuts
     D:2: 869 daAuts
     D:4: 708 daAuts
